 Dungeon Crawl Stone Soup version 0.28-a0-1616-g050a50673c (webtiles) character file.

Game seed: 5301511456181689886

93 tatocazan the Covered (level 4, 0/42 HPs)
             Began as a Deep Dwarf Fighter on Jan 22, 2022.
             Killed from afar by an orc wizard (8 damage)
             ... with a puff of flame
             ... on level 3 of the Dungeon.
             The game lasted 00:01:41 (1952 turns).

tatocazan the Covered (Deep Dwarf Fighter)          Turns: 1952, Time: 00:01:41

Health: 0/42       AC:  8    Str: 21    XL:     4   Next: 36%
Magic:  4/4        EV:  9    Int:  9    God:
Gold:   72         SH:  5    Dex: 12    Spells: 3/3 levels left

rFire   . . .      SeeInvis .   a - +0 war axe
rCold   . . .      Faith    .   c - +0 buckler
rNeg    . . .      Spirit   .   b - +0 scale mail
rPois   .          Reflect  .   j - +0 helmet
rElec   .          Harm     .   (no cloak)
rCorr   .          Rampage  .   (no gloves)
Will    .....                   (no boots)
Stlth   ..........              (no amulet)
HPRegen 0.00/turn               (no ring)
MPRegen 0.09/turn               (no ring)

@: no status effects
A: damage resistance, heal wounds, sense surroundings 1, no regeneration
a: Heal Wounds


You were on level 3 of the Dungeon.
You visited 1 branch of the dungeon, and saw 3 of its levels.

You collected 72 gold pieces.

Inventory:

Hand Weapons
 a - a +0 war axe (weapon)
Armour
 b - a +0 scale mail (worn)
 c - a +0 buckler (worn)
 j - a +0 helmet (worn)
 k - a +2 helmet
Jewellery
 e - a ring of poison resistance
Scrolls
 f - a scroll of immolation {unknown}
 g - a scroll of amnesia {unknown}
 h - 3 scrolls of identify {unknown}
Potions
 d - a potion of might


   Skills:
 + Level 3.2 Fighting
 * Level 3.6 Axes
 + Level 3.9 Armour
 + Level 3.8 Shields


You had 3 spell levels left.
You didn't know any spells.
Your spell library contained the following spells:

 Spells                   Type           Power      Damage    Failure   Level
 Gell's Gravitas          Tloc           0%         N/A       99%         3
 Lesser Beckoning         Tloc           0%         N/A       99%         3
 Teleport Other           Tloc           0%         N/A       99%         3


Dungeon Overview and Level Annotations

Branches:
Dungeon (3/15)

Altars:


Innate Abilities, Weirdness & Mutations

You are resistant to damage.
You can heal yourself by infusing magical energy.
You passively map a small area around you.
You do not regenerate.


Message History

* * * LOW HITPOINT WARNING * * *
The worm misses you.
You take 4 damage, and have 10/42 hp.
You're too confused to move!
Something hits you but does no damage. x2
It was a potion of curing.
You feel better. Something hits you but does no damage.
You hear some strange, mumbled words.
Something tries to affect you, but you resist.
The worm bites you.
You regained 3 hp, and now have 13/42 hp.
You hit something but do no damage. You hit the worm but do no damage.
You closely miss something. You block something's attack.
Something hits you but does no damage. The worm misses you.
You completely miss something. You hit the worm. You closely miss something.
You hear some strange, mumbled words.
A magic dart appears from out of thin air!
The magic dart hits you.
* * * LOW HITPOINT WARNING * * *
You hear some strange, mumbled words.
A magic dart appears from out of thin air!
The magic dart hits you.
* * * LOW HITPOINT WARNING * * *
Something hits you but does no damage. You block something's attack.
You take 4 damage, and have 9/42 hp.
You fail to use your ability.
The worm bites you.
You hear some strange, mumbled words.
A magic dart appears from out of thin air!
The magic dart hits you. Something hits you but does no damage.
You hit something. x2
Reactivating autopickup.
You feel a bit more experienced.
You barely miss the worm. Something hits you.
* * * LOW HITPOINT WARNING * * *
Deactivating autopickup; reactivate with Ctrl-A.
The worm bites you but does no damage.
You take 1 damage, and have 8/42 hp.
You hit something but do no damage. You barely miss the worm.
You hear some strange, mumbled words.
A puff of flame appears from out of thin air!
The puff of flame hits you!
You die...

......* *###. , , .
....#... #...#.#, ...., ,
.#..##..##...... .... ,
.....#.......... ..... ,,
..#..#........, ,...... *
..#.#....#...######......
*
#...#....#.#.##......^.#
#..#.......#.....w.(...#
...#.#..........@{.......
,
..#..)...##.....)).......
,
#.#.#....##.............#
.#.......##..............
,
#.#......##..............
....###..##..............
*
#..##................#..
......#..##..........#..
.....##.#......#### ,


You could see a worm.

Vanquished Creatures
  An orc wizard (D:3)
  Robin (D:2)
  An adder (D:3)
  A white imp (D:3)
  A dart slug (D:1)
  2 orcs (D:3)
  5 ball pythons
  2 bats
  An endoplasm (D:2)
  12 goblins
  3 hobgoblins (D:2)
  3 kobolds
  A quokka (D:2)
  A frilled lizard (D:2)
  A rat (D:1)
36 creatures vanquished.

Notes
Turn   | Place    | Note
-------+----------+-------------------------------------------
     0 | D:1      | tatocazan the Deep Dwarf Fighter began the quest for the
                  | Orb.
     0 | D:1      | Reached XP level 1. HP: 20/20 MP: 1/1
    43 | D:1      | Found a faded altar of an unknown god.
   623 | D:1      | Reached XP level 2. HP: 27/27 MP: 2/2
  1050 | D:2      | Noticed Robin
  1064 | D:2      | Killed Robin
  1065 | D:2      | Reached XP level 3. HP: 21/31 MP: 3/3
  1944 | D:3      | Reached XP level 4. HP: 14/42 MP: 4/4
  1952 | D:3      | Killed from afar by an orc wizard

Illustrated notes

Levels and vault maps discovered:
D:1:      lightli_arrival_lavapool, layout_loops_corners,
          hellmonk_ecumenical_altar_crossroads, dk_noncrumbling_2
D:2:      layout_basic, amethyst_killhole, skrybe_limestone_x,
          wad_floor_pattern_untrapped, uniq_robin
D:3:      layout_rooms, hangedman_decor_peaks_small

Skill      XL: |  1  2 |
---------------+-------+-----
Axes           | 3 |  3.6
Fighting       | 3 |  3.2
Armour         | |  3.9
Shields        | |  3.8

Action                   |  1- 3 |  4- 6 || total
-------------------------+-------+-------++-------
Melee: War axe           |    96 |     6 ||   102
 Abil: Heal Wounds       |     2 |       ||     2
  Use: Potion            |       |     1 ||     1
Armor: Scale mail        |    63 |     8 ||    71
Dodge: Dodged            |    59 |     2 ||    61
Block: Buckler           |    43 |     2 ||    45

Table legend: (Time is in decaauts)
 A = Elapsed time spent in this place.
 B = Non-inter-level travel time spent in this place.
 C = Inter-level travel time spent in this place.
 D = Time resting spent in this place.
 E = Time spent auto-exploring this place.
 F = Levels seen in this place.
 G = Mean time per level.
                   A        B        C        D        E       F      G
               +--------+--------+--------+--------+--------+-----+--------+
         Total |   1991 |   1966 |     25 |    265 |   1448 |   3 |  663.7 |
       Dungeon |   1991 |   1966 |     25 |    265 |   1448 |   3 |  663.7 |
               +--------+--------+--------+--------+--------+-----+--------+

Top non-repeatable levels by time:
     D:2: 969 daAuts
     D:1: 891 daAuts
     D:3: 131 daAuts
